Map: Arctic Dream LE

Players

ozrKeLL

  • Race: Zerg Zerg
  • League: Diamond
  • Spawn Location: 12:00

Anna

  • Race: Zerg Zerg
  • League: Master
  • Spawn Location: 11:00

Massa - Winner!

  • Race: Terran Terran
  • League: Platinum
  • Spawn Location: 5:00

qqq - Winner!

  • Race: Zerg Zerg
  • Spawn Location: 6:00

VOD

Have the link to the VOD?

Description

Time

  • Played on: March 6, 2021, 2:06 p.m.
  • Length: 11:35
Show
View Real Time Build Order
Export as new Build Order

ozrKeLL Zerg 

Build Orders: Hatch First, Zergling Baneling 

Get SALT Encoding   

  12  0:02  Drone  
  13  0:12  Overlord  
  13  0:17  Drone  
  14  0:31  Drone x2  
  16  0:50  Hatchery  
  16  0:56  Drone x2  
  17  1:02  Drone  
  18  1:12  Extractor  
  18  1:18  Spawning Pool  
  16  1:19  Drone  
  16  1:22  Drone  
  18  1:28  Drone  
  19  1:43  Drone  
  20  1:53  Overlord  
  20  2:06  Zergling x2  
  20  2:07  Zergling x2  
  22  2:09  Queen  
  22  2:10  Queen  
  22  2:13  Drone x2  
  22  2:15  Metabolic Boost  
  28  2:36  Hatchery  
  27  2:43  Baneling Nest  
  26  2:45  Drone  
  26  2:50  Zergling x4  
  26  2:51  Zergling x2  
  30  2:58  Zergling x2  
  30  2:59  Zergling x2  
  30  3:00  Zergling x2  
  33  3:11  Zergling x4  
  35  3:14  Spine Crawler  
  35  3:19  Spine Crawler  
  33  3:24  Overlord  
  33  3:31  Baneling x2  
  33  3:33  Overlord  
  33  3:43  Drone  
  33  3:45  Zergling x4  
  27  3:59  Zergling x10  
  32  4:04  Baneling x2  
  32  4:06  Baneling  
  32  4:07  Baneling  
  32  4:15  Queen  
  34  4:18  Drone  
  35  4:35  Baneling x2  
  35  4:44  Zergling x2  
  35  4:45  Zergling x14  
  38  4:56  Zergling x2  
  38  4:57  Zergling x6  
  39  5:05  Baneling x3  
  40  5:07  Zergling x4  
  41  5:16  Baneling x2  
  41  5:20  Zergling x8  
  42  5:30  Baneling x2  
  42  5:38  Baneling x2  
  42  5:39  Zergling x10  
  42  5:41  Baneling  
  47  5:45  Baneling x3  
  41  6:03  Baneling  
  41  6:04  Zergling x12  
  37  6:18  Zergling x2  
  37  6:19  Zergling x8  
  37  6:20  Baneling  
  37  6:24  Baneling x2  
  40  6:32  Zergling x2  
  40  6:33  Zergling x6  
  42  6:40  Zergling x2  
  42  6:41  Zergling x2  
  42  6:46  Baneling x2  
  40  6:47  Zergling x4  
  40  6:53  Baneling  
  42  6:55  Zergling x4  
  37  7:10  Zergling x10  
  40  7:18  Drone x3  
  43  7:25  Baneling  
  43  7:27  Spine Crawler  
  42  7:37  Baneling x2  
  42  7:46  Baneling x2  
  37  7:59  Evolution Chamber  
  30  8:16  Drone x3  
  30  8:17  Drone x3  
  36  8:20  Drone x3  
  39  8:34  Spore Crawler  
  39  8:36  Drone  
  39  8:37  Spore Crawler  
  38  8:42  Spore Crawler  
  27  9:04  Extractor  
  27  9:05  Drone x2  
  27  9:06  Drone  
  27  9:07  Spine Crawler  
  28  9:16  Zerg Melee Weapons Level 1  
  28  9:19  Evolution Chamber  
  28  9:23  Drone x4  
  31  9:33  Zergling x2  
  31  9:36  Spine Crawler  
  31  9:48  Zergling x6  
  31  9:49  Zergling x2  
  31  9:52  Extractor  
  34  10:07  Zergling x8  
  34  10:22  Spore Crawler  
  33  10:28  Lair  
  33  10:30  Baneling  
  33  10:43  Zergling x8  
  37  10:53  Baneling x3, Zergling x2  
  37  10:54  Zergling x2  
  39  11:01  Spore Crawler  
  38  11:13  Drone  
  38  11:14  Drone x2  
  41  11:19  Baneling x3  
Show
View Real Time Build Order
Export as new Build Order

Anna Zerg 

Build Orders: Pool First 

Get SALT Encoding   

  12  0:01  Drone  
  13  0:16  Drone  
  14  0:22  Overlord  
  14  0:41  Drone x2  
  14  0:42  Drone  
  17  0:49  Spawning Pool  
  16  0:57  Drone  
  17  1:08  Drone  
  18  1:17  Hatchery  
  17  1:26  Drone x2  
  19  1:42  Drone, Extractor  
  19  1:43  Roach Warren  
  18  1:47  Drone  
  19  2:04  Drone, Queen  
  22  2:11  Overlord  
  22  2:23  Extractor  
  22  2:27  Drone  
  22  2:31  Roach  
  22  2:35  Drone  
  25  2:40  Roach  
  27  2:45  Drone  
  28  2:56  Roach x2  
  32  3:02  Roach  
  36  3:05  Roach  
  36  3:13  Overlord  
  36  3:20  Overlord  
  36  3:31  Queen  
  38  3:35  Roach x3  
  38  3:38  Overlord  
  38  3:41  Roach  
  46  4:01  Roach x4  
  46  4:14  Roach x2  
  30  4:50  Roach x4  
  30  4:51  Roach x3  
  44  4:57  Spine Crawler  
  39  5:01  Spine Crawler  
  36  5:15  Roach x4  
  36  5:20  Drone x3  
  47  5:40  Roach x3  
  53  5:47  Drone x2  
  55  6:08  Roach  
  55  6:09  Overlord, Roach  
  55  6:10  Overlord  
  57  6:51  Roach x5  
  57  6:52  Roach x2  
  47  7:09  Roach x3  
  47  7:14  Drone  
  47  7:15  Drone  
  53  7:23  Lair  
  53  7:37  Drone x4, Hatchery  
  53  7:45  Drone  
  54  8:00  Spine Crawler  
  54  8:01  Drone x5  
  54  8:02  Spine Crawler  
  57  8:15  Roach x3  
  41  8:42  Roach x2  
  41  8:43  Roach x2  
  41  8:44  Queen  
  41  8:48  Spore Crawler  
  50  8:51  Spire  
  49  8:59  Roach  
  49  9:00  Spore Crawler  
  49  9:01  Drone x2, Spore Crawler  
  49  9:02  Drone x3  
  52  9:07  Drone x4  
  56  9:25  Spore Crawler  
  56  9:29  Spore Crawler  
  54  9:35  Extractor  
  54  9:38  Extractor  
  52  10:02  Extractor x2  
  40  10:08  Mutalisk x3  
  40  10:09  Mutalisk x6  
  47  10:18  Spore Crawler  
  46  10:22  Spore Crawler  
  37  10:37  Drone x3  
  37  10:38  Drone x6  
  40  10:46  Queen  
  40  10:55  Overlord  
  40  11:15  Drone x2  
  42  11:22  Hatchery  
Show
View Real Time Build Order
Export as new Build Order

Massa Terran - Winner!

Build Orders: 2 Factory, Hellion Opening 

Get SALT Encoding   

  12  0:00  SCV  
  13  0:12  SCV  
  14  0:17  Supply Depot  
  14  0:24  SCV  
  15  0:39  SCV, Barracks  
  16  0:45  Refinery  
  16  0:51  SCV  
  17  1:03  SCV  
  18  1:15  SCV  
  19  1:30  Orbital Command  
  19  1:34  Marine  
  19  1:35  Supply Depot  
  20  1:47  Refinery  
  20  1:52  Factory  
  20  1:53  Marine  
  21  2:03  SCV  
  22  2:12  Barracks Reactor  
  22  2:15  SCV  
  23  2:27  Command Center  
  23  2:31  Factory  
  23  2:36  Hellion  
  25  2:58  Barracks Tech Lab  
  25  2:59  SCV  
  25  3:03  Hellion x2  
  30  3:11  SCV  
  31  3:24  Infernal Pre-Igniter  
  31  3:29  Supply Depot  
  31  3:39  SCV, Hellion x3  
  31  3:40  Orbital Command  
  36  4:03  Hellion x3  
  42  4:13  SCV x2  
  38  4:24  Hellion  
  38  4:25  Starport, SCV x2, Hellion  
  44  4:57  Hellion x3  
  40  5:03  Barracks Tech Lab  
  40  5:08  SCV x2  
  40  5:10  Barracks x2  
  40  5:12  Starport Tech Lab  
  42  5:14  Barracks  
  42  5:19  Hellion x3  
  42  5:20  SCV x2  
  50  5:32  SCV  
  49  5:50  Hellion x3  
  51  6:08  Marauder  
  53  6:29  Marine  
  54  6:45  Marine  
  54  6:53  Cloaking Field  
  54  6:54  Supply Depot  
  54  6:56  Supply Depot x3  
  54  7:08  Marine  
  54  7:16  Banshee, Hellion x2  
  54  7:17  Hellion, Marauder, Marine  
  54  7:21  Supply Depot  
  67  7:26  Marine  
  67  7:29  Barracks Tech Lab  
  67  7:30  Stimpack  
  67  7:35  Marine  
  68  7:38  Hellion x2, Marine  
  68  7:39  Hellion  
  75  7:44  Marine  
  74  7:52  Marine  
  74  7:56  Marine  
  72  8:10  Marine  
  65  8:15  Marauder x2, Marine  
  65  8:27  Banshee  
  65  8:28  Marine  
  65  8:33  Marine  
  66  8:36  Marine x2  
  61  8:59  Marauder x2, Marine x2  
  67  9:10  Banshee  
  67  9:16  Marine  
  71  9:18  Barracks Reactor  
  71  9:20  Marauder, Marine  
  74  9:28  Refinery x2  
  74  9:31  Command Center, Supply Depot x2  
  74  9:32  Supply Depot  
  74  9:33  Barracks, Supply Depot  
  74  9:34  Barracks, Supply Depot  
  74  9:46  Combat Shield  
  74  9:48  Siege Tank  
  74  9:50  Widow Mine x2  
  74  9:51  Barracks Reactor  
  81  9:53  Concussive Shells  
  77  10:11  Widow Mine x2  
  75  10:20  Siege Tank  
  78  10:23  Marauder x2, Marine x2  
  84  10:33  Banshee  
  83  10:39  Marine x2  
  83  10:41  Marine x2  
  83  10:44  Marauder, Marine  
  85  10:57  Marine x2  
  85  11:01  Orbital Command  
  85  11:03  SCV x2  
  86  11:15  SCV x2  
Show
View Real Time Build Order
Export as new Build Order

qqq Zerg - Winner!

Build Orders: Hatch First 

Get SALT Encoding   

  12  0:01  Drone  
  13  0:09  Drone  
  14  0:17  Overlord  
  14  0:47  Drone  
  14  0:48  Hatchery  
  14  0:55  Drone  
  15  0:59  Drone x2  
  17  1:17  Spawning Pool  
  16  1:20  Extractor  
  15  1:25  Drone  
  15  1:26  Drone  
  16  1:44  Drone x2  
  18  1:54  Drone  
  19  2:04  Zergling x2  
  19  2:05  Zergling x2  
  19  2:06  Queen  
  19  2:08  Queen  
  25  2:11  Zergling x2  
  26  2:15  Zergling x2  
  27  2:29  Zergling x2  
  28  2:30  Overlord  
  28  2:32  Metabolic Boost  
  28  2:40  Overlord  
  28  2:49  Zergling x2  
  28  2:50  Zergling x2  
  28  2:51  Zergling x2  
  31  2:56  Zergling x2  
  31  2:57  Zergling x2  
  33  3:06  Zergling x2  
  33  3:08  Overlord  
  34  3:16  Zergling x4  
  34  3:18  Overlord  
  36  3:22  Zergling x2  
  37  3:29  Evolution Chamber  
  37  3:30  Drone  
  37  3:36  Drone  
  37  3:38  Drone  
  38  3:42  Drone  
  39  3:54  Drone x2, Zergling x2  
  39  3:55  Zergling x2  
  42  4:04  Drone x2, Zergling x2  
  44  4:12  Zerg Melee Weapons Level 1  
  44  4:15  Drone, Zergling x2  
  46  4:25  Zergling x2  
  46  4:26  Zergling x2  
  47  4:36  Zergling x4  
  42  4:58  Zergling x8  
  42  4:59  Drone, Zergling x4  
  45  5:15  Zergling x6  
  45  5:16  Zergling x2  
  45  5:20  Hatchery  
  45  5:37  Zergling x8  
  45  5:38  Zergling x6  
  52  5:44  Drone, Zergling x6  
  45  6:06  Zerg Ground Armor Level 1  
  45  6:16  Zergling x14  
  45  6:17  Zergling x2  
  38  6:32  Zergling x6  
  34  6:33  Zergling x4  
  29  6:40  Zergling x2  
  29  6:41  Zergling x6  
  32  6:58  Extractor, Spawning Pool  
  32  6:59  Lair  
  32  7:00  Extractor  
  28  7:08  Drone x2  
  28  7:33  Drone  
  28  7:34  Hatchery  
  28  7:43  Hatchery, Drone x3  
  29  7:58  Drone x2, Zergling x2  
  30  8:08  Zergling x2  
  28  8:29  Spire  
  28  8:31  Drone x2, Zergling x2  
  28  8:32  Zergling x2  
  30  8:40  Zergling x2  
  30  8:49  Hatchery  
  30  8:53  Drone, Zergling x2  
  31  9:00  Zergling x2  
  31  9:01  Zergling x2  
  33  9:12  Zergling x8  
  37  9:18  Queen  
  37  9:20  Drone x2  
  40  9:36  Drone, Zergling x6  
  40  9:37  Zergling x2  
  45  9:43  Mutalisk  
  41  10:00  Mutalisk x3, Zergling x2  
  41  10:06  Mutalisk x2  
  47  10:08  Drone x2  
  51  10:25  Mutalisk  
  51  10:26  Zergling x4  
  51  10:27  Zergling x6  
  58  10:36  Mutalisk  
  58  10:39  Drone x4  
  60  10:54  Extractor  
  59  10:58  Spore Crawler  
  59  10:59  Drone x8  
  59  11:02  Spore Crawler  
  59  11:04  Overlord  
  65  11:14  Spore Crawler  
  65  11:17  Spore Crawler  
  64  11:18  Drone x2  
  65  11:26  Infestation Pit  
Tags
 
Add a new tag
Caveats
  • Supply blocks, unpowered buildings, or Contaminate may cause inaccurate times.
  • Supply counts are checked every 10 seconds.